 Dungeon Crawl Stone Soup version 0.22-a0-354-g30dfbe6 (webtiles) character file.

233 Kairos the Shield-Bearer (level 6, 0/32 HPs)
             Began as a Vine Stalker Fighter on Apr 16, 2018.
             Was an Initiate of Okawaru.
             Slain by a two-headed ogre
             ... wielding a +0 giant spiked club
              (12 damage)
             ... on level 5 of the Dungeon.
             The game lasted 00:08:11 (3127 turns).

Kairos the Shield-Bearer (Vine Stalker Fighter)     Turns: 3127, Time: 00:08:12

Health: 0/32       AC:  9    Str: 19    XL:     6   Next: 4%
Magic:  0/7        EV:  8    Int:  9    God:    Okawaru [......]
Gold:   99         SH: 11    Dex: 14    Spells: 5/5 levels left

rFire    . . .     SeeInvis .   A - +0 morningstar (crush)
rCold    . . .     Gourm    .   h - +2 shield
rNeg     + . .     Faith    .   b - +0 scale mail
rPois    .         Spirit   +   B - +0 helmet
rElec    .         Reflect  .   c - +0 cloak (curse)
rCorr    .         Harm     .   (no gloves)
MR       .....                  (no boots)
Stlth    ..........             (no amulet)
HPRegen  0.50/turn              D - ring of flight
MPRegen  0.10/turn              w - ring of positive energy

@: no status effects
A: fangs 2, regeneration 1, magic shield, antimagic bite, no potion heal 3, rot
immunity
a: Renounce Religion, Evoke Flight


You were on level 5 of the Dungeon.
You worshipped Okawaru.
Okawaru was noncommittal.
You were hungry.

You visited 1 branch of the dungeon, and saw 5 of its levels.

You collected 267 gold pieces.
You spent 168 gold pieces at shops.

Inventory:

Hand Weapons
 a - a +0 flail
 j - a +0 hunting sling
 u - a +0 morningstar
 A - a +0 morningstar of crushing (weapon)
Armour
 b - a +0 scale mail (worn)
 c - a cursed +0 cloak (worn)
 h - a +2 shield (worn)
 B - a +0 helmet (worn)
Jewellery
 v - an uncursed ring of ice
 w - a ring of positive energy (right hand)
 D - a ring of flight (left hand)
Wands
 y - a wand of clouds (5)
Scrolls
 g - a scroll of fog {unknown}
 i - 2 scrolls of immolation {unknown}
 k - a scroll of enchant armour {unknown}
 l - 7 scrolls of identify {unknown}
 m - 2 scrolls of teleportation {unknown}
 n - 2 scrolls of amnesia {unknown}
 r - 2 scrolls of magic mapping {unknown}
 s - a scroll of remove curse {unknown}
 x - a scroll of noise {unknown}
Potions
 d - 2 potions of might
 e - 4 potions of invisibility {unknown}
 o - a potion of magic {unknown}
 p - a potion of berserk rage {unknown}
 q - a potion of flight {unknown}
 t - a potion of heal wounds {unknown}
 z - a potion of curing {unknown}
Comestibles
 f - 9 rations
 C - 2 chunks of flesh


   Skills:
 + Level 3.1 Fighting
 + Level 3.6 Maces & Flails
 + Level 3.1 Armour
 + Level 1.2 Dodging
 + Level 0.9 Stealth
 + Level 3.6 Shields


You had 5 spell levels left.
You didn't know any spells.

Dungeon Overview and Level Annotations

Branches:
Dungeon (5/15)
 Temple: D:4-7

Altars:
Dithmenos
Fedhas
Okawaru
Qazlal
Ru
The Shining One

Shops:
D:4 *   D:5 =[


Innate Abilities, Weirdness & Mutations

You have extremely sharp teeth.
Your natural rate of healing is unusually fast.
When hurt, damage is shared between your health and your magic reserves.
Your bite disrupts and absorbs the magic of your enemies.
Potions cannot restore your health.
You are immune to rotting.


Message History

You puncture the two-headed ogre! Your bite misses the two-headed ogre.
The two-headed ogre is severely wounded.
The two-headed ogre hits you with a giant spiked club!!
Ouch! That really hurt!
* * * LOW HITPOINT WARNING * * *
The two-headed ogre closely misses you.
You are too injured to fight recklessly!
The two-headed ogre hits you with a giant spiked club!
* * * LOW HITPOINT WARNING * * *
The two-headed ogre barely misses you.
You are feeling hungry.
You see here 9 poisoned needles.
Found a stone staircase leading up.
Found 9 gold pieces.
There is a stone staircase leading up here.
A scorpion comes into view.
The two-headed ogre looks more healthy.
There is an escape hatch in the ceiling here.
The two-headed ogre hits you with a giant spiked club!
You die...

.......<...........#
..........#..##....#
...................#
.......#....###....#
.##....#........##.# #
.##.##.###..>#.....#.#
.##..........#.##....#
.####..........O#.######
...##.......##..@......#
...##....#......#.####.#
...##...#..>........<#
......###.#.......####
..........#.#######
##....#.#....
#....#.#..... #...∩#
#..... ###### #.####.


You could see a two-headed ogre.

Vanquished Creatures
  A centaur zombie (D:3)
  An iguana (D:4)
  A worker ant (D:4)
  5 adders
  A shadow imp (D:5)
  2 worms (D:4)
  A dart slug (D:1)
  3 leopard geckos
  3 orcs
  5 giant cockroaches
  7 goblins
  15 hobgoblins
  12 jackals
  A quokka (D:3)
  2 ball pythons
  8 bats
  5 frilled lizards
  6 kobolds
  4 rats (D:1)
83 creatures vanquished.

Notes
Turn   | Place    | Note
-------+----------+-------------------------------------------
     0 | D:1      | Kairos the Vine Stalker Fighter began the quest for the Orb.
     0 | D:1      | Reached XP level 1. HP: 11/11 MP: 2/2
   295 | D:1      | Reached XP level 2. HP: 16/16 MP: 3/3
   519 | D:1      | Reached XP level 3. HP: 19/19 MP: 4/4
  1567 | D:3      | Gained mutation: Your natural rate of healing is unusually fast. [Vine Stalker growth]
  1567 | D:3      | Reached XP level 4. HP: 16/24 MP: 5/5
  1663 | D:3      | Found a glowing golden altar of the Shining One.
  1973 | D:3      | Found a sacrificial altar of Ru.
  1979 | D:3      | Found a blossoming altar of Fedhas.
  2092 | D:3      | Reached skill level 1 in Dodging
  2092 | D:3      | Reached XP level 5. HP: 14/28 MP: 3/6
  2469 | D:3      | Found a stormy altar of Qazlal.
  2709 | D:4      | Found an iron altar of Okawaru.
  2717 | D:4      | Became a worshipper of Warmaster Okawaru
  2786 | D:4      | Found a shadowy altar of Dithmenos.
  2879 | D:4      | Found Jougrei's Assorted Antiques.
  2970 | D:4      | Bought a glowing morningstar for 168 gold pieces
  3038 | D:5      | Entered Level 5 of the Dungeon
  3061 | D:5      | Reached XP level 6. HP: 31/32 MP: 7/7
  3072 | D:5      | Found Iphidogum's Jewellery Shoppe.
  3072 | D:5      | Found Myrie's Antique Armour Boutique.
  3091 | D:5      | Noticed a two-headed ogre
  3105 | D:5      | HP: 1/32 [two-headed ogre/giant spiked club (7)]
  3127 | D:5      | Slain by a two-headed ogre

Vault maps used:
D:1:      saegor_arrival_simple_a
D:3:      lemuel_coloured_pillars_altar, nicolae_tso_swordbearing_angel,
          grunt_temple_overflow_open
D:4:      kennysheep_okawaru_gauntlet, serial_shops, kennysheep_mini,
          first_ration, nicolae_dithmenos_through_a_glass_darkly
D:5:      minitemple, serial_shops, nicolae_shop_waterfront,
          nicolae_shop_waterfront, shop, shop

Skill      XL: |  1  2  3  4 |
---------------+-------------+-----
Maces & Flails | 2 3 |  3.6
Shields        | 3 |  3.6
Fighting       | 3 |  3.1
Armour         | 3 |  3.1
Dodging        | 1 |  1.2
Stealth        | |  0.9

Action                   |  1- 3 |  4- 6 || total
-------------------------+-------+-------++-------
Melee: Flail             |   137 |    26 ||   163
       Bite              |    29 |    47 ||    76
       Morningstar       |       |    98 ||    98
Evoke: Wand              |       |     1 ||     1
  Eat: Chunk             |     2 |     5 ||     7
Armor: Scale mail        |    48 |    72 ||   120
Dodge: Dodged            |    35 |    42 ||    77
Block: Shield            |    89 |    84 ||   173

Table legend:
 A = Spawn XP
 B = Non-spawn XP
 C = Spawn XP percentage of total XP
 D = Spawn monster count
 E = Non-spawn monster count
 F = Spawn count percentage of total count
 G = Total turns spent on level
                    A         B        C        D         E        F      G
               +---------+---------+-------+---------+---------+-------+---------
         Total |       0 |     333 |   0.0 |       0 |      83 |   0.0 |  3127
               +---------+---------+-------+---------+---------+-------+---------
           D:1 |       0 |      45 |   0.0 |       0 |      28 |   0.0 |   929
           D:2 |       0 |      30 |   0.0 |       0 |      17 |   0.0 |   620
           D:3 |       0 |     133 |   0.0 |       0 |      22 |   0.0 |   985
           D:4 |       0 |     109 |   0.0 |       0 |      13 |   0.0 |   504
           D:5 |       0 |      16 |   0.0 |       0 |       3 |   0.0 |    89
               +---------+---------+-------+---------+---------+-------+---------
